 Dungeon Crawl Stone Soup version 0.19.1 (webtiles) character file.

844 Haldmier the Chiller (level 7, -11/38 HPs)
             Began as a Deep Elf Ice Elementalist on Dec 1, 2016.
             Was an Initiate of Kikubaaqudgha.
             Mangled by an ogre
             ... wielding a +0 giant club
              (18 damage)
             ... on level 5 of the Dungeon.
             The game lasted 00:18:57 (5850 turns).

Haldmier the Chiller (Deep Elf Ice Elementalist)    Turns: 5850, Time: 00:18:58

Health: -11/38     AC:  5    Str:  6    XL:     7   Next: 68%
Magic:  3/14       EV: 12    Int: 21    God:    Kikubaaqudgha [......]
Gold:   180        SH:  0    Dex: 15    Spells: 4 memorised, 3 levels left

rFire  . . .     SeeInvis .     m - +0 quarterstaff
rCold  . . .     Gourm    .     w - +1 leather armour {MR+}
rNeg   . . .     Faith    .     (shield currently unavailable)
rPois  .         Spirit   .     n - +0 helmet
rElec  .         Reflect  .     (no cloak)
rCorr  .         Harm     .     (no gloves)
MR     +....                    (no boots)
Stlth  ++........               (no amulet)
                                (no ring)
                                (no ring)

@: very slightly contaminated
A: no striking features
a: Renounce Religion


You were on level 5 of the Dungeon.
You worshipped Kikubaaqudgha.
Kikubaaqudgha was noncommittal.
You were not hungry.

You visited 2 branches of the dungeon, and saw 6 of its levels.

You collected 180 gold pieces.

Inventory:

Hand Weapons
 i - a +0 dagger
 m - a +0 quarterstaff (weapon)
 t - a +0 rapier
Armour
 n - a +0 helmet (worn)
 w - a +1 leather armour of magic resistance (worn)
Jewellery
 x - an uncursed ring of see invisible {unknown}
Scrolls
 d - a scroll of amnesia {unknown}
 f - 2 scrolls of recharging {unknown}
 g - 8 scrolls of identify {unknown}
 j - 2 scrolls of noise {unknown}
 o - a scroll of enchant weapon {unknown}
 p - 6 scrolls of remove curse {unknown}
 q - 3 scrolls of teleportation {unknown}
 u - a scroll of fog {unknown}
 v - a scroll of magic mapping {unknown}
Potions
 e - a potion of curing {unknown}
 k - a potion of resistance {unknown}
 l - a potion of agility {unknown}
 r - 2 potions of lignification {unknown}
 s - a potion of flight {unknown}
 B - a potion of brilliance {unknown}
Books
 b - a book of Frost

   Spells                             Type                      Level
   a - Freeze                         Ice                          1
   b - Throw Frost                    Conjuration/Ice              2
   c - Ozocubu's Armour               Charms/Ice                   3
   d - Throw Icicle                   Conjuration/Ice              4
   e - Summon Ice Beast               Ice/Summoning                4
Comestibles
 a - 3 fruits
 c - 4 bread rations
 h - a meat ration
 z - 2 beef jerkies
 A - 4 chunks of flesh


   Skills:
 + Level 1.2 Fighting
 - Level 2.2 Staves
 + Level 3.2 Dodging
 - Level 2.4 Stealth
 + Level 3.9 Spellcasting
 + Level 4.6 Conjurations
 - Level 4.0 Charms
 + Level 2.4 Summonings
 + Level 6.3 Ice Magic


You had 3 spell levels left.
You knew the following spells:

 Your Spells              Type           Power        Failure   Level  Hunger
a - Freeze                Ice            ####         1%          1    None
b - Throw Frost           Conj/Ice       ####..       3%          2    #......
c - Ozocubu's Armour      Chrm/Ice       ####....     10%         3    ###....
d - Summon Ice Beast      Ice/Summ       ###.....     34%         4    ####...


Dungeon Overview and Level Annotations

Branches:
Dungeon (5/15)             Temple (1/1) D:4

Altars:
Ashenzari
Cheibriados
Dithmenos
Elyvilon
Fedhas
Gozag
Hepliaklqana
Kikubaaqudgha
Makhleb
Nemelex Xobeh
Okawaru
Qazlal
Ru
Sif Muna
Trog
Uskayaw
Vehumet
Xom
Yredelemnul
Zin
The Shining One

Shops:
D:4 [

Annotations:
D:4 dscm's ghost, amateur OpIE


Message History

Confirm with . or Enter, or press ? or * to list all spells.
Aiming: Freeze
Press: ? - help, Shift-Dir - straight line, f/p - ogre
Aim: an ogre, wielding a giant club (moderately wounded)
You freeze the ogre.
The ogre is heavily wounded.
The ogre hits you with a giant club!!
Ouch! That really hurt!
* * * LOW HITPOINT WARNING * * *
You take 29 damage, and have 7/38 hp.
MASSIVE DAMAGE!!
You now have 4/14 mp.
Casting: Freeze
Confirm with . or Enter, or press ? or * to list all spells.
Aiming: Freeze
Press: ? - help, Shift-Dir - straight line, f/p - ogre
Aim: an ogre, wielding a giant club (heavily wounded)
You freeze the ogre.
The ogre is severely wounded.
The ogre hits you with a giant club!!
You die...
Kikubaaqudgha rasps: "You have failed me!
Welcome... death!"

############### ##
#.............# ...
#.............# ....
#.............#.....
#............<'.....
#........##.@.####
#........##O###
#.........#........
##........o........
##........#........
#.........#.o......
#......o..#...##h..
#.........#...# ...
#........##'### ..


You could see an ogre and 2 orcs.

Vanquished Creatures
  The ghost of lorenzova the Conjurer, an amateur DECj (D:5)
  An ogre (D:4)
  A bullfrog (D:3)
  A jelly (D:3)
  A hound (D:4)
  2 orc priests (D:3)
  Jessica (D:2)
  An orc wizard (D:4)
  Ijyb (D:3)
  Natasha (twice) (D:3)
  2 iguanas
  A worker ant (D:4)
  A hound skeleton (D:4)
  Robin (D:3)
  4 gnolls (D:5)
  5 adders
  2 oozes (D:2)
  3 worms
  A dart slug (D:3)
  6 leopard geckos
  7 orcs
  3 ball pythons (D:3)
  3 giant cockroaches
  9 goblins
  15 hobgoblins
  6 jackals
  5 kobolds
  A quokka (D:3)
  3 bats
  5 frilled lizards
  6 rats
101 creatures vanquished.

Notes
Turn   | Place    | Note
-------+----------+-------------------------------------------
     0 | D:1      | Haldmier the Deep Elf Ice Elementalist began the quest for the Orb.
     0 | D:1      | Reached XP level 1. HP: 10/10 MP: 6/6
   166 | D:1      | Reached XP level 2. HP: 15/15 MP: 2/8
   216 | D:1      | Learned a level 2 spell: Throw Frost
   269 | D:1      | Reached skill level 4 in Ice Magic
   464 | D:1      | You fall through a shaft!
  1212 | D:2      | Noticed Jessica
  1216 | D:2      | Killed Jessica
  1216 | D:2      | Reached XP level 3. HP: 15/19 MP: 5/9
  1626 | D:2      | Reached XP level 4. HP: 24/24 MP: 8/10
  1676 | D:2      | Reached skill level 1 in Staves
  1719 | D:2      | Learned a level 3 spell: Ozocubu's Armour
  1792 | D:3      | Found an opulent altar of Gozag.
  1811 | D:3      | Noticed Ijyb
  1817 | D:3      | Killed Ijyb
  1817 | D:3      | Reached skill level 1 in Charms
  1817 | D:3      | Reached skill level 5 in Ice Magic
  1820 | D:3      | Noticed Robin
  1948 | D:3      | Reached XP level 5. HP: 15/28 MP: 5/11
  2230 | D:3      | Killed Robin
  2694 | D:3      | Reached XP level 6. HP: 21/32 MP: 1/12
  3094 | D:3      | Learned a level 4 spell: Summon Ice Beast
  3155 | D:3      | Noticed Natasha
  3164 | D:3      | Killed Natasha
  3237 | D:3      | Noticed Natasha
  3242 | D:3      | Killed Natasha
  3937 | D:4      | Found a staircase to the Ecumenical Temple.
  3946 | D:4      | Reached skill level 1 in Summonings
  3962 | Temple   | Entered the Ecumenical Temple
  3973 | Temple   | Became a worshipper of Kikubaaqudgha
  4142 | D:4      | Reached skill level 6 in Ice Magic
  4283 | D:4      | Noticed dscm's ghost (amateur OpIE)
  4646 | D:4      | Reached XP level 7. HP: 36/36 MP: 7/13
  5104 | D:4      | Found Ylufoh's Antique Armour Emporium.
  5107 | D:4      | Found a sparkling altar of Nemelex Xobeh.
  5123 | D:4      | Found a sacrificial altar of Ru.
  5124 | D:4      | Found a deep blue altar of Sif Muna.
  5124 | D:4      | Found a glowing silver altar of Zin.
  5124 | D:4      | Found a burning altar of Makhleb.
  5125 | D:4      | Found a blossoming altar of Fedhas.
  5245 | D:5      | Entered Level 5 of the Dungeon
  5363 | D:5      | Noticed lorenzova's ghost (amateur DECj)
  5385 | D:5      | Killed lorenzova's ghost
  5385 | D:5      | Reached skill level 1 in Fighting
  5850 | D:5      | Mangled by an ogre

Skill      XL: |  1  2  3  4  5  6  7 |
---------------+----------------------+-----
Ice Magic      | 4 5 6 |  6.3
Conjurations   | 2 3 4 |  4.6
Staves         | 1 2 |  2.2
Charms         | 1 3 4 |  4.0
Summonings     | 1 2 |  2.4
Fighting       | 1 |  1.2
Dodging        | 3 |  3.2
Stealth        | |  2.4
Spellcasting   | |  3.9

Action                   |  1- 3 |  4- 6 |  7- 9 || total
-------------------------+-------+-------+-------++-------
Melee: Quarterstaff      |    10 |    20 |    10 ||    40
 Cast: Freeze            |    44 |   100 |    26 ||   170
       Throw Frost       |       |     8 |    10 ||    18
       Ozocubu's Armour  |       |     4 |     4 ||     8
 Stab: Sleeping          |       |     1 |       ||     1
  Eat: Chunk             |     2 |    10 |     4 ||    16
Armor: Robe              |     7 |    24 |     2 ||    33
       Leather armour    |       |       |     6 ||     6
Dodge: Dodged            |    19 |    50 |    15 ||    84
